 Dungeon Crawl Stone Soup version 0.23.2-40-g277498a001 (webtiles) character file.

Game seed: 10834437433278246813

37256 Htamos the Thaumaturge (level 13, -14/88 HPs)
             Began as a Deep Elf Wizard on Aug 27, 2019.
             Was an Elder of Vehumet.
             Demolished by a wolf spider (18 damage)
             ... on level 6 of the Lair of Beasts.
             The game lasted 02:13:29 (35409 turns).

Htamos the Thaumaturge (Deep Elf Wizard)           Turns: 35409, Time: 02:13:29

Health: -14/88     AC:  5    Str:  9    XL:     13   Next: 57%
Magic:  0/42       EV: 19    Int: 33    God:    Vehumet [****..]
Gold:   408        SH:  0    Dex: 13    Spells: 7/40 levels left

rFire    . . .     SeeInvis .   V - +6 bardiche of Integrity {holy, rN+}
rCold    + . .     Gourm    .   (shield currently unavailable)
rNeg     + . .     Faith    .   K - +1 robe {rC+}
rPois    .         Spirit   +   n - +1 hat {MR+}
rElec    .         Reflect  .   g - scarf {Spirit}
rCorr    .         Harm     .   (no gloves)
MR       ++...                  (no boots)
Stlth    ++........             (no amulet)
HPRegen  0.24/turn              p - +4 ring of intelligence
MPRegen  0.28/turn              f - ring of magical power

@: mighty, lethally poisoned (-14 -> -35), very slightly contaminated, hasted,
very quick
A: rugged brown scales 1, blurry vision 1, wild magic 1
a: Renounce Religion


You were on level 6 of the Lair of Beasts.
You worshipped Vehumet.
Vehumet was greatly pleased with you.
You were not hungry.

You visited 2 branches of the dungeon, and saw 17 of its levels.
You also visited: Sewer, Gauntlet and Ice Cave.

You collected 818 gold pieces.
You spent 410 gold pieces at shops.

Inventory:

Hand Weapons
 c - a +0 morningstar of holy wrath
 i - the +8 whip "Snakebite" {curare, rPois}
   (You found it on level 2 of the Lair of Beasts)

   It poisons the flesh of those it strikes.
   It protects you from poison.
 C - a +0 blowgun
 V - the +6 bardiche of Integrity (weapon) {holy, rN+}
   (You found it on level 8 of the Dungeon)

   It has been blessed by the Shining One to cause great damage to the undead
   and demons.
   It protects you from negative energy.
Missiles
 k - 233 stones (quivered)
 y - 3 throwing nets
 z - 4 tomahawks of returning
 D - 40 poisoned needles
Armour
 a - a +0 robe
 g - a scarf of spirit shield (worn)
 l - the +3 leather armour "Otaigoth" {rC+ Str-5 SInv}
   (You found it on level 9 of the Dungeon)

   It affects your strength (-5).
   It protects you from cold.
   It lets you see invisible.
 n - a +1 hat of magic resistance (worn)
 x - a +0 scale mail
 B - a +0 leather armour
 K - a +1 robe of cold resistance (worn)
 Q - a +0 ring mail of poison resistance
Jewellery
 b - a +3 ring of dexterity
 f - a ring of magical power (right hand)
 p - a +4 ring of intelligence (left hand)
 s - an uncursed ring of ice
 t - an uncursed ring of magical power
 A - an uncursed ring of protection from fire
 E - an uncursed ring of protection from fire
 P - an uncursed amulet of guardian spirit
 R - a +3 ring of dexterity
 S - an uncursed ring of fire
Wands
 e - a wand of polymorph (2)
 I - a wand of flame (25)
 J - a wand of digging (2)
 W - a wand of iceblast (13)
Scrolls
 m - 2 scrolls of remove curse
 N - 4 scrolls of identify
 T - 2 scrolls of enchant armour
 X - a scroll of enchant weapon
Potions
 h - a potion of brilliance {unknown}
 j - a potion of berserk rage
 r - 3 potions of flight {unknown}
 u - a potion of curing
 v - a potion of haste
 w - a potion of mutation
 F - a potion of ambrosia {unknown}
 L - a potion of agility {unknown}
 M - a potion of magic {unknown}
 O - 4 potions of cancellation
 U - a potion of might
 Z - 2 potions of degeneration {unknown}
Miscellaneous
 o - a sack of spiders
 G - a lightning rod (1/4)
Comestibles
 d - 28 rations


   Skills:
 + Level 12.0 Fighting
 - Level 5.4 Polearms
 - Level 3.0 Armour
 - Level 11.0 Dodging
 - Level 2.4 Stealth
 * Level 14.4 Spellcasting
 - Level 9.5 Conjurations
 - Level 4.3 Hexes
 - Level 1.1 Summonings
 - Level 1.1 Translocations


You had 7 spell levels left.
You knew the following spells:

 Your Spells              Type           Power        Failure   Level  Hunger
a - Magic Dart            Conj           ####         1%          1    None
b - Call Imp              Summ           #####...     3%          2    None
c - Sandblast             Erth           ####..       1%          1    None
d - Conjure Flame         Conj/Fire      ######..     1%          3    None
e - Mephitic Cloud        Conj/Pois/Air  ######..     1%          3    None
f - Slow                  Hex            ######..     1%          2    None
g - Blink                 Tloc           N/A          3%          2    None
h - Throw Frost           Conj/Ice       ######       1%          2    None
i - Irradiate             Conj/Tmut      ######....   3%          5    None
j - Iskenderun's Mystic   Conj           #######.     1%          4    None
k - Ensorcelled Hibernat  Hex/Ice        #####.       2%          2    None
l - Confuse               Hex            ######..     1%          3    None
m - Tukima's Dance        Hex            ######..     1%          3    None

Your spell library contained the following spells:

 Spells                   Type           Power        Failure   Level  Hunger
 Corona                   Hex            ######.      1%          1    None
 Dazzling Spray           Conj/Hex       ######       1%          3    None


Dungeon Overview and Level Annotations

Branches:
Dungeon (11/15)            Temple (0/1) D:6            Lair (6/6) D:10
 Shoals (0/4) Lair:2       Spider (0/4) Lair:3        Slime (0/5) Lair:5
    Orc (0/2) D:10

Altars:
Ashenzari
Cheibriados
Elyvilon
Fedhas
Gozag
Makhleb
Qazlal
Ru
Trog
Uskayaw
Vehumet
The Shining One
Jiyva

Shops:
D:5 %   D:8 *   D:11 *

Annotations:
D:7 1 runed translucent door, Crazy Yiuf, Dowan, Duvessa, Harold, Joseph


Innate Abilities, Weirdness & Mutations

You are partially covered in rugged brown scales. (AC +1, +3% HP)
Scrolls take you a little longer to read.
Your spells are a little harder to cast, but a little more powerful.


Message History

* * * LOW MAGIC WARNING * * *;
* * * LOW HITPOINT WARNING * * *
You are poisoned.
The black mamba poisons you!
You feel better. The wolf spider closely misses you. The wolf spider bites you.
* * * LOW HITPOINT WARNING * * *
The guardian serpent casts a spell at you.
The bolt of poison hits the black mamba.
The black mamba is poisoned.
The bolt of poison hits you!!
You are poisoned.
* * * LOW MAGIC WARNING * * *;
* * * LOW HITPOINT WARNING * * *
The black mamba bites you!
* * * LOW HITPOINT WARNING * * *
You are more poisoned.
The black mamba poisons you!
Unknown command.
It was a potion of might.
You feel very mighty all of a sudden.
* * * LOW HITPOINT WARNING * * *
You feel sick. The wolf spider hits you!!
You die...

.........#....# ###....
.............## ####...P..
.............# #.##..#...
............## #####........
#...........# #####..#.#..#.P..
P........#..### #...#.......#..#.
#..##.........####...........##..
#..##..#.##.##..##...............
###.#.#.#.#.##P.@SS.............#
#.##.#..##......#s..............#
#.....#........###.##............
#........#.#..## ###..#..#.......
#.........##..# #..####.......
#...P##P#.#..## #### ##....P.P
P...#####..#.### #...##... ....#
###....# ##...##... ..### #...##
##..P..##..


You could see a wolf spider, a guardian serpent and a black mamba.

Vanquished Creatures
  Gastronok (Lair:1)
  Kirke (Lair:6)
  3 hydras
  A two-headed ogre (D:9)
  A deep troll (shapeshifter) (Lair:6)
  A centaur zombie (D:10)
  7 elephants
  6 black mambas
  8 spiny frogs
  4 rime drakes
  8 komodo dragons
  3 ice devils (IceCv)
  A queen bee (Lair:2)
  A troll (D:9)
  2 merfolk (D:9)
  A polar bear (Lair:4)
  2 hornets (Lair:6)
  5 hippogriffs
  3 dream sheep
  4 blink frogs
  Grinder (D:3)
  A tarantella (Lair:3)
  A spriggan (shapeshifter) (Lair:3)
  3 hogs (Lair:6)
  27 yaks
  2 basilisks (Lair:6)
  8 wyverns
  3 wargs
  25 water moccasins
  12 porcupines
  5 orc warriors
  2 sky beasts
  A hornet zombie (D:9)
  A phantom (D:6)
  3 black bears
  5 ogres
  2 eyes of draining
  3 centaurs
  8 wolves (Lair:1)
  7 crocodiles
  3 big kobolds
  5 bullfrogs
  2 scorpions
  A wyvern skeleton (D:8)
  17 killer bees
  2 electric eels (Lair:4)
  3 howler monkeys
  3 crimson imps
  A quasit (D:7)
  6 hounds
  5 orc priests
  5 jellies
  6 orc wizards
  A centaur skeleton (D:7)
  2 iguanas
  8 worker ants
  A hound skeleton (D:9)
  A howler monkey skeleton (D:8)
  18 adders
  2 shadow imps
  An ooze (Sewer)
  2 adder zombies
  2 adder skeletons (D:6)
  A worm (D:2)
  2 dart slugs
  8 leopard geckos
  45 orcs
  7 giant cockroaches
  10 goblins
  9 hobgoblins
  11 jackals
  18 kobolds
  2 quokkas
  9 bats
  5 frilled lizards
  A leopard gecko skeleton (D:7)
  12 rats
  A fungus (Lair:1)
  4 plants
425 creatures vanquished.

Vanquished Creatures (collateral kills)
  A spiny frog (Lair:1)
  2 merfolk (Lair:2)
  A dream sheep (Lair:6)
  2 yaks
  A basilisk (Lair:4)
  A water moccasin (Lair:6)
  An ice beast (D:8)
  An orc warrior (D:9)
  A centaur (D:8)
  Blork the orc (D:6)
  A big kobold (D:10)
  A bullfrog (Lair:4)
  2 killer bees (Lair:2)
  An orc wizard (D:5)
  An iguana (D:4)
  A centaur skeleton (D:7)
  A worker ant (D:8)
  An adder (D:4)
  A goblin (D:9)
  2 kobolds (D:10)
24 creatures vanquished.

Vanquished Creatures (others)
  2 dancing weapons (Lair:2)
  3 killer bees (Lair:2)
  23 fungi
  23 plants
51 creatures vanquished.

Grand Total: 500 creatures vanquished

Notes
Turn   | Place    | Note
-------+----------+-------------------------------------------
     0 | D:1      | Htamos the Deep Elf Wizard began the quest for the Orb.
     0 | D:1      | Reached XP level 1. HP: 10/10 MP: 7/7
   227 | D:1      | Reached XP level 2. HP: 15/15 MP: 7/9
   670 | D:1      | Reached XP level 3. HP: 15/19 MP: 4/11
  1901 | D:2      | Reached XP level 4. HP: 16/24 MP: 0/12
  2023 | D:2      | You fall through a shaft!
  2123 | D:3      | Found a glowing drain.
  2141 | Sewer    | Entered a sewer
  2345 | Sewer    | Noticed a big kobold
  2349 | Sewer    | Noticed a big kobold
  2360 | Sewer    | Killed a big kobold
  2360 | Sewer    | Reached skill level 5 in Conjurations
  2360 | Sewer    | Reached XP level 5. HP: 16/28 MP: 1/14
  2750 | D:3      | Found a stormy altar of Qazlal.
  2785 | D:3      | Reached XP level 6. HP: 32/32 MP: 9/15
  2979 | D:3      | Noticed Grinder
  3130 | D:2      | Learned a level 2 spell: Call Imp
  3133 | D:2      | Learned a level 2 spell: Blink
  3137 | D:2      | Learned a level 3 spell: Conjure Flame
  3141 | D:2      | Learned a level 3 spell: Mephitic Cloud
  3320 | D:3      | Paralysed by Grinder for 7 turns
  3527 | D:3      | Paralysed by Grinder for 3 turns
  3539 | D:3      | Paralysed by Grinder for 7 turns
  3569 | D:3      | Paralysed by Grinder for 4 turns
  3574 | D:3      | Killed Grinder
  3985 | D:4      | Found a shattered altar of Ashenzari.
  3994 | D:4      | Found a blossoming altar of Fedhas.
  4003 | D:4      | Found a bloodstained altar of Trog.
  4008 | D:4      | Found a hide-covered altar of Uskayaw.
  4013 | D:4      | Found a burning altar of Makhleb.
  4018 | D:4      | Found a glowing golden altar of the Shining One.
  4024 | D:4      | Found an opulent altar of Gozag.
  4424 | D:4      | Found a radiant altar of Vehumet.
  4685 | D:3      | Reached XP level 7. HP: 36/36 MP: 6/16
  5447 | D:4      | Found a snail-covered altar of Cheibriados.
  5451 | D:4      | Learned a level 2 spell: Slow
  5540 | D:5      | Entered Level 5 of the Dungeon
  5843 | D:5      | Found Yjaon's Food Shoppe.
  6160 | D:4      | Reached skill level 1 in Fighting
  6180 | D:4      | Became a worshipper of Vehumet
  6777 | D:5      | Found a white marble altar of Elyvilon.
  7072 | D:6      | Found a staircase to the Ecumenical Temple.
  7285 | D:6      | Reached XP level 8. HP: 41/45 MP: 7/17
  8041 | D:6      | Reached skill level 5 in Spellcasting
  8077 | D:6      | Found a sacrificial altar of Ru.
  8109 | D:6      | Found a snail-covered altar of Cheibriados.
  8167 | D:6      | Noticed Blork the orc
  8173 | D:6      | Killed Blork the orc
  8380 | D:6      | Got a crystal mace
  8381 | D:6      | Identified the +3 mace of Iremuwn {crush, +Rage Str+4} (You
                  | found it on level 6 of the Dungeon)
  8493 | D:7      | Noticed Joseph
  8741 | D:7      | Reached skill level 1 in Armour
  8815 | D:7      | Reached * piety under Vehumet
  8815 | D:7      | Offered knowledge of Sandblast by Vehumet.
  8843 | D:7      | Learned a level 1 spell: Sandblast
  9312 | D:7      | Found a runed translucent door.
  9313 | D:7      | Noticed Crazy Yiuf
  9526 | D:7      | Noticed Harold
 10542 | D:7      | Reached skill level 6 in Spellcasting
 10552 | D:7      | Noticed Duvessa
 10554 | D:7      | Noticed Dowan
 10972 | D:8      | Reached XP level 9. HP: 52/52 MP: 15/20
 11041 | D:8      | Got a polished bardiche
 11042 | D:8      | Identified the +6 bardiche of Integrity {holy, rN+} (You
                  | found it on level 8 of the Dungeon)
 11239 | D:8      | Found Siosafeul's General Store.
 11245 | D:8      | Bought a scroll of enchant weapon for 105 gold pieces
 11245 | D:8      | Bought 2 potions of berserk rage for 140 gold pieces
 11300 | D:8      | Offered knowledge of Throw Frost by Vehumet.
 11304 | D:8      | Learned a level 2 spell: Throw Frost
 11381 | D:8      | Found a radiant altar of Vehumet.
 11588 | D:8      | Reached ** piety under Vehumet
 11878 | D:9      | Reached skill level 5 in Fighting
 11999 | D:8      | Reached skill level 1 in Polearms
 12282 | D:9      | Reached skill level 5 in Dodging
 13118 | D:8      | Reached skill level 7 in Spellcasting
 13805 | D:9      | Noticed a two-headed ogre
 13839 | D:9      | Killed a two-headed ogre
 13880 | D:9      | Noticed a troll
 13897 | D:9      | Killed a troll
 13897 | D:9      | Reached XP level 10. HP: 61/61 MP: 23/23
 13993 | D:9      | Got a transparent leather armour
 13994 | D:9      | Identified the +3 leather armour "Otaigoth" {rC+ Str-5
                  | SInv} (You found it on level 9 of the Dungeon)
 14168 | D:10     | Entered Level 10 of the Dungeon
 14581 | D:10     | Offered knowledge of Static Discharge by Vehumet.
 14622 | D:10     | Reached skill level 8 in Spellcasting
 14638 | D:10     | Learned a level 3 spell: Static Discharge
 15434 | D:10     | Found a staircase to the Lair.
 15985 | D:10     | Reached *** piety under Vehumet
 16043 | D:10     | Found a staircase to the Orcish Mines.
 16873 | D:11     | Found a gate leading to a gauntlet.
 16873 | D:11     | Found Pacio's General Store.
 16884 | D:11     | Bought a scroll of teleportation for 45 gold pieces
 16884 | D:11     | Bought a scroll of identify for 30 gold pieces
 16884 | D:11     | Bought a scroll of teleportation for 45 gold pieces
 16884 | D:11     | Bought a scroll of teleportation for 45 gold pieces
 16900 | Gauntlet | Entered a Gauntlet
 16900 | Gauntlet | Found a transporter.
 16900 | Gauntlet | Found a transporter.
 16901 | Gauntlet | Noticed an orb spider
 16904 | Gauntlet | Found a transporter.
 16908 | Gauntlet | Found a transporter.
 16922 | Gauntlet | Found a transporter.
 16923 | Gauntlet | Found a transporter.
 16925 | Gauntlet | Noticed a moth of wrath
 16930 | Gauntlet | Noticed a thrashing horror
 16931 | Gauntlet | Found a transporter.
 16931 | Gauntlet | Found a transporter.
 16931 | Gauntlet | Noticed a ghost crab
 16932 | Gauntlet | Found a transporter.
 16932 | Gauntlet | Found a transporter.
 16932 | Gauntlet | Noticed an apocalypse crab
 16934 | Gauntlet | Noticed a thrashing horror
 16966 | Gauntlet | Found a transporter.
 16970 | Gauntlet | Found a transporter.
 16971 | Gauntlet | Noticed a fire crab
 16984 | Gauntlet | an orb spider changed into a basilisk
 17966 | Lair:1   | Entered Level 1 of the Lair of Beasts
 18077 | Lair:1   | Noticed a spiny frog
 18084 | Lair:1   | Killed a spiny frog
 18084 | Lair:1   | Reached skill level 9 in Spellcasting
 18272 | Lair:1   | Noticed a spiny frog
 18288 | Lair:1   | Killed a spiny frog
 18309 | Lair:1   | Noticed a spiny frog
 18577 | Lair:1   | Noticed Gastronok
 18820 | Lair:1   | Killed Gastronok
 18820 | Lair:1   | Reached XP level 11. HP: 68/68 MP: 26/26
 19151 | Lair:1   | Offered knowledge of Iskenderun's Mystic Blast by Vehumet.
 19485 | Lair:1   | Noticed a five-headed hydra
 19496 | Lair:1   | Killed a five-headed hydra
 19496 | Lair:1   | Reached skill level 10 in Spellcasting
 20002 | Lair:1   | Learned a level 4 spell: Iskenderun's Mystic Blast
 20477 | Lair:1   | Reached **** piety under Vehumet
 20912 | Lair:1   | Learned a level 2 spell: Ensorcelled Hibernation
 20916 | Lair:1   | Learned a level 3 spell: Confuse
 20920 | Lair:1   | Learned a level 3 spell: Tukima's Dance
 21452 | Lair:1   | Offered knowledge of Irradiate by Vehumet.
 21452 | Lair:1   | Reached skill level 5 in Polearms
 21567 | Lair:1   | Reached skill level 1 in Hexes
 23445 | D:9      | Reached XP level 12. HP: 46/76 MP: 11/28
 23834 | Lair:2   | Reached skill level 11 in Spellcasting
 24226 | Lair:2   | Found a staircase to the Shoals.
 24903 | Lair:2   | Reached skill level 10 in Fighting
 25256 | Lair:2   | Found the +8 whip "Snakebite" {curare, rPois}
 25603 | Lair:3   | Reached skill level 10 in Dodging
 26084 | Lair:2   | Found a staircase to the Shoals.
 28214 | Lair:3   | Found a hole to the Spider Nest.
 28588 | Lair:3   | Reached skill level 12 in Spellcasting
 28597 | Lair:3   | Learned a level 5 spell: Irradiate
 29087 | Lair:4   | Found a frozen archway.
 29096 | IceCv    | Entered an ice cave
 29388 | Lair:4   | Noticed a four-headed hydra
 29412 | Lair:4   | Killed a four-headed hydra
 30014 | Lair:4   | You fall through a shaft for 2 floors!
 30014 | Lair:6   | Entered Level 6 of the Lair of Beasts
 30591 | Lair:4   | Reached XP level 13. HP: 49/84 MP: 22/31
 32074 | Lair:5   | Found a viscous altar of Jiyva.
 32075 | Lair:5   | Found a staircase to the Slime Pits.
 33292 | Lair:6   | Reached skill level 13 in Spellcasting
 34016 | Lair:6   | Noticed Kirke
 34833 | Lair:6   | Killed Kirke
 34833 | Lair:6   | Reached skill level 14 in Spellcasting
 35405 | Lair:6   | Gained mutation: Your spells are a little harder to cast,
                  | but a little more powerful. [potion of mutation]
 35405 | Lair:6   | Gained mutation: Scrolls take you a little longer to read.
                  | [potion of mutation]
 35405 | Lair:6   | Gained mutation: You are partially covered in rugged brown
                  | scales. (AC +1, +3% HP) [potion of mutation]
 35409 | Lair:6   | HP: 4/88 [poisoned by a black mamba]
 35409 | Lair:6   | Demolished by a wolf spider

Skill      XL: |  1  2  3  4  5  6  7  8  9 10 11 12 13 |
---------------+----------------------------------------+-----
Conjurations   | 3 4 5 6 8 9 |  9.5
Fighting       | 2 4 6 8 9 11 12 | 12.0
Spellcasting   | 6 7 9 10 12 14 | 14.4
Armour         | 2 3 |  3.0
Dodging        | 4 6 8 9 11 | 11.0
Polearms       | 2 4 5 |  5.4
Hexes          | 2 4 |  4.3
Stealth        | |  2.4
Summonings     | |  1.1
Translocations | |  1.1

Action                   |  1- 3 |  4- 6 |  7- 9 | 10-12 | 13-15 || total
-------------------------+-------+-------+-------+-------+-------++-------
Melee: Mace              |     3 |     5 |     3 |       |       ||    11
       Morningstar       |       |       |     2 |    12 |       ||    14
       Bardiche          |       |       |    31 |   346 |   163 ||   540
 Cast: Magic Dart        |   106 |   114 |   459 |   183 |     1 ||   863
       Call Imp          |       |    27 |    61 |    49 |    42 ||   179
       Blink             |       |     2 |       |     9 |     4 ||    15
       Sandblast         |       |       |     1 |    88 |    14 ||   103
       Throw Frost       |       |       |    16 |   161 |    10 ||   187
       Conjure Flame     |       |       |     2 |    97 |    22 ||   121
       Mephitic Cloud    |       |       |       |     8 |       ||     8
       Ensorcelled Hiber |       |       |       |    10 |       ||    10
       Tukima's Dance    |       |       |       |     8 |       ||     8
       Slow              |       |       |       |     1 |       ||     1
       Iskenderun's Myst |       |       |       |       |    31 ||    31
Evoke: Wand              |       |       |     8 |    21 |     3 ||    32
       Lightning rod     |       |       |       |       |     4 ||     4
  Use: Potion            |       |     6 |     3 |    13 |     9 ||    31
       Scroll            |       |       |    13 |    15 |     3 ||    31
 Stab: Confused          |       |       |       |     4 |       ||     4
       Distracted        |       |       |       |     1 |     3 ||     4
       Sleeping          |       |       |       |     3 |       ||     3
  Eat: Chunk             |     3 |     6 |    20 |    28 |     9 ||    66
       Ration            |       |     1 |     2 |     7 |     2 ||    12
Armor: Robe              |       |    19 |     5 |    14 |    18 ||    56
       Skin              |       |     1 |       |    11 |       ||    12
       Leather armour    |       |       |    27 |    43 |       ||    70
Dodge: Dodged            |    10 |    40 |   128 |   352 |   257 ||   787
